[Event "Titled Tuesday Blitz February 22 Early 2022"]
[White "Petrovic, Aleksa"]
[Black "Grandelius, Nils"]
[WhiteFideId "967629"]
[BlackFideId "1710400"]
[WhiteElo "2139"]
[BlackElo "2617"]
[Result "0-1"]
[Round "01"]
[TimeControl "180+1"]
[Date "2022.02.22"]
[WhiteClock "0:00:22"]
[BlackClock "0:00:45"]

1. d4 d5 2. c4 e6 3. Nf3 a6 4. cxd5 exd5 5. Nc3 h6 6. Bf4 Nf6 7. Rc1 Bd6 8. Bxd6 Qxd6 9. e3 O-O 10. Bd3 Bg4 11. h3 Bxf3 12. Qxf3 Nbd7 13. O-O c6 14. Rfd1 Rfe8 15. a3 Nb6 16. Qe2 a5 17. Nb1 Qe7 18. Nd2 Nc8 19. Nf3 Nd6 20. Ne5 Nd7 21. Nxd7 Qxd7 22. Qc2 h5 23. Re1 h4 24. Re2 Re7 25. Rce1 g6 26. e4 dxe4 27. Bxe4 Rae8 28. Bxg6 Rxe2 29. Rxe2 Rxe2 30. Bh7+ Kg7 31. Qxe2 Kxh7 32. Qh5+ Kg7 33. Qg5+ Kf8 34. Qh6+ Ke8 35. Qh8+ Ke7 36. Qxh4+ f6 37. Qh7+ Nf7 38. Qe4+ Qe6 39. Qf4 Nd6 40. h4 Qf5 41. Qh6 Qe4 42. Qg7+ Nf7 43. h5 Qe1+ 44. Kh2 Qxf2 45. h6 Qh4+ 46. Kg1 Qxd4+ 0-1


[Site "https://www.chess.com"]

[Event "Titled Tuesday Blitz February 22 Early 2022"]
[White "Pichot, Alan"]
[Black "Reprintsev, Alexander"]
[WhiteFideId "110973"]
[BlackFideId "14100541"]
[WhiteElo "2543"]
[BlackElo "2126"]
[Result "1/2-1/2"]
[Round "01"]
[TimeControl "180+1"]
[Date "2022.02.22"]
[WhiteClock "0:00:16"]
[BlackClock "0:00:04"]

1. e4 d5 2. exd5 Qxd5 3. Nc3 Qa5 4. d4 Nf6 5. Nf3 Nc6 6. Bd2 a6 7. Ne4 Qb6 8. Nxf6+ gxf6 9. Bc3 Bg4 10. h3 Bh5 11. g4 Bg6 12. Bd3 O-O-O 13. Bxg6 hxg6 14. Qe2 Bh6 15. Kf1 Bf4 16. Kg2 e5 17. dxe5 fxe5 18. Rad1 Rde8 19. Qe4 Rhf8 20. g5 f5 21. gxf6 Rxf6 22. Rd3 Ref8 23. Rhd1 Kb8 24. a4 a5 25. Rd5 Be3 26. fxe3 Rxf3 27. Qxf3 Rxf3 28. Kxf3 Ne7 29. Rxa5 Qf6+ 30. Ke2 Nc6 31. Rad5 Qf5 32. R1d2 Qxh3 33. Kd3 Qf1+ 34. Re2 Qf7 35. e4 Qf3+ 36. Kd2 Qf4+ 37. Kd1 g5 38. Rd3 g4 39. Bd2 Qf1+ 40. Be1 Qf7 41. b3 Nd4 42. Rf2 Qe7 43. Bc3 Nf3 44. Rdxf3 gxf3 45. Rxf3 Qh4 46. Re3 Qf4 47. Kd2 b6 48. Kd3 Kb7 49. Bd2 Qf1+ 50. Kc3 Qa1+ 51. Kd3 Qd4+ 52. Ke2 Qd7 53. Bc3 Qg4+ 54. Kd2 Qg2+ 55. Re2 Qg5+ 56. Kd3 Kc6 57. b4 Kb7 58. a5 b5 59. Re3 Qf6 60. Ke2 Qe6 61. Kd3 Qc4+ 62. Kd2 Qe6 63. Kc1 Qh6 64. Bd2 Qc6 65. Kb2 Qc4 66. Bc3 Qe6 67. Rd3 c6 68. Rd8 Qe7 69. Rh8 c5 70. bxc5 Qxc5 71. Rh7+ Kc8 72. a6 b4 73. Be1 Qd4+ 74. Kb3 Qxe4 75. a7 Qe3+ 76. Kxb4 Qxe1+ 77. c3 Qb1+ 78. Kc5 Qg1+ 79. Kb5 Qf1+ 80. Kb6 Qf6+ 81. Kc5 Qf2+ 82. Kd5 Qd2+ 83. Kc4 Qe2+ 84. Kb3 Qd1+ 85. Kb4 Qb1+ 86. Kc5 Qg1+ 87. Kb5 Qf1+ 88. Kc6 Qf6+ 89. Kd5 Qf3+ 90. Kxe5 Qxc3+ 91. Kd5 Qb3+ 92. Ke4 Qb4+ 93. Kd5 Qa5+ 94. Kc6 Qa6+ 95. Kc5 Qa5+ 96. Kc4 Qa4+ 97. Kd5 Qa5+ 98. Kd4 Qa1+ 99. Kc5 Qa5+ 100. Kc4 Qa4+ 101. Kc5 Qa5+ 1/2-1/2


[Site "https://www.chess.com"]

[Event "Titled Tuesday Blitz February 22 Early 2022"]
[White "Pinheiro, Iung Alicio de O."]
[Black "Van den Dikkenberg, Erik"]
[WhiteFideId "2104350"]
[BlackFideId "1005880"]
[WhiteElo "2585"]
[BlackElo "2118"]
[Result "1-0"]
[Round "01"]
[TimeControl "180+1"]
[Date "2022.02.22"]
[WhiteClock "0:00:31"]
[BlackClock "0:00:37"]

1. e4 c5 2. Nf3 d6 3. c3 Nf6 4. h3 g6 5. Bd3 Bg7 6. O-O O-O 7. Bc2 a6 8. d4 cxd4 9. cxd4 Nc6 10. Nc3 Bd7 11. e5 Ne8 12. Bf4 Rc8 13. Qd2 dxe5 14. dxe5 Be6 15. Qe3 Nb4 16. Be4 Nc7 17. Rad1 Qe8 18. Bxb7 Rb8 19. Be4 Nxa2 20. Ne2 Rxb2 21. Ng3 Nb5 22. Bh6 Nac3 23. Bxg7 Kxg7 24. Nh5+ Kh8 25. Qh6 Rg8 26. Ng5 Ne2+ 27. Kh1 1-0


[Site "https://www.chess.com"]

[Event "Titled Tuesday Blitz February 22 Early 2022"]
[White "Ponkratov, Pavel"]
[Black "Suarez Uriel, Adrian"]
[WhiteFideId "4157800"]
[BlackFideId "22230874"]
[WhiteElo "2487"]
[BlackElo "2316"]
[Result "1-0"]
[Round "01"]
[TimeControl "180+1"]
[Date "2022.02.22"]
[WhiteClock "0:01:11"]
[BlackClock "0:01:07"]

1. d4 Nf6 2. c4 g6 3. Nc3 d5 4. cxd5 Nxd5 5. Na4 Nc6 6. e4 Nb6 7. d5 Ne5 8. f4 Ng4 9. Nxb6 axb6 10. Nf3 Bg7 11. e5 O-O 12. h3 Nh6 13. Be3 c6 14. dxc6 bxc6 15. Qxd8 Rxd8 16. Bxb6 Rd5 17. Bf2 f6 18. Bc4 fxe5 19. Nxe5 Be6 20. Bxd5 Bxd5 21. O-O g5 22. Bd4 Nf5 23. Bc3 Ne3 24. Rfc1 gxf4 25. Nxc6 Bxc3 26. Rxc3 Kf7 27. Nb4 Bb7 28. Nd3 Rg8 29. Nxf4 Nxg2 30. Nxg2 Rxg2+ 31. Kf1 Rxb2 32. Rb3 Ba6+ 33. Kg1 Re2 34. a4 Bc4 35. Rf3+ Kg6 36. a5 Ba6 37. Rb3 Bc4 38. Rc3 Bd5 39. a6 Rg2+ 40. Kf1 Rh2 41. Ra5 Rh1+ 42. Kf2 Rh2+ 43. Kg3 Rg2+ 44. Kf4 Ba8 45. a7 Kf6 46. Ke3 Rg3+ 47. Kd2 Rg2+ 48. Kc1 Rg1+ 49. Kb2 Rg2+ 50. Ka3 Rg8 51. Rb3 e5 52. Rb8 Rg3+ 53. Kb4 Bd5 54. Rxd5 1-0


[Site "https://www.chess.com"]

[Event "Titled Tuesday Blitz February 22 Early 2022"]
[White "Poormosavi, Seyed Kian"]
[Black "Ferguson, Randal"]
[WhiteFideId "12585807"]
[BlackFideId "30903106"]
[WhiteElo "2116"]
[BlackElo "2079"]
[Result "1-0"]
[Round "01"]
[TimeControl "180+1"]
[Date "2022.02.22"]
[WhiteClock "0:00:22"]
[BlackClock "0:00:01"]

1. e4 c5 2. Nf3 d6 3. c3 Nf6 4. Be2 Nbd7 5. d3 g6 6. O-O Bg7 7. Re1 O-O 8. Bf1 b6 9. d4 Bb7 10. d5 a6 11. a4 Re8 12. Na3 h6 13. Nd2 e6 14. dxe6 Rxe6 15. f3 d5 16. exd5 Rxe1 17. Qxe1 Nxd5 18. Ne4 N7f6 19. Nxf6+ Qxf6 20. Bd2 Nf4 21. Qf2 Rd8 22. Bxf4 Qxf4 23. Nc4 b5 24. Na5 Rd2 25. Qg3 Qxg3 26. hxg3 Bd5 27. axb5 axb5 28. Bxb5 Rxb2 29. Bc4 Bxc4 30. Nxc4 Rc2 31. Ra8+ Kh7 32. Ra7 Rxc3 33. Nd6 Bd4+ 34. Kh2 Kg7 35. Rxf7+ Kg8 36. Rd7 Rc1 37. Ne4 h5 38. Ng5 Bg1+ 39. Kh3 Be3 40. Rd8+ Kg7 41. Rd7+ Kh6 42. Nf7+ Kg7 43. Nd8+ Kf6 44. Rf7+ Kg5 45. f4+ Kh6 46. g4 1-0


[Site "https://www.chess.com"]

[Event "Titled Tuesday Blitz February 22 Early 2022"]
[White "Popadic, Dragan"]
[Black "Narayanan, Srinath"]
[WhiteFideId "913650"]
[BlackFideId "5018420"]
[WhiteElo "2199"]
[BlackElo "2472"]
[Result "0-1"]
[Round "01"]
[TimeControl "180+1"]
[Date "2022.02.22"]
[WhiteClock "0:01:10"]
[BlackClock "0:00:12"]

1. e4 c6 2. d4 d5 3. Nd2 dxe4 4. Nxe4 Nf6 5. Ng3 e5 6. Qe2 Qxd4 7. Nf3 Bb4+ 8. c3 Bxc3+ 9. bxc3 Qxc3+ 10. Nd2 Qxa1 11. Qd1 O-O 12. Bc4 Qd4 13. O-O Re8 14. Bb3 Bg4 15. Qc2 Nbd7 16. Bb2 Qc5 17. Qb1 Rad8 18. h3 Be6 19. Nf3 e4 20. Nd4 Bxb3 21. axb3 Ne5 22. Ndf5 Rd2 23. Qa1 Nfd7 24. Nxe4 Qc2 25. Nxd2 Qxf5 26. Re1 f6 27. f4 Qxf4 28. Nc4 a6 29. Nd6 Nf3+ 30. gxf3 Qg3+ 31. Kf1 Qxf3+ 32. Kg1 Qg3+ 33. Kf1 Qxh3+ 34. Kf2 Qh2+ 35. Kf1 Rxe1+ 36. Qxe1 Qxd6 37. Qe8+ Nf8 38. Qe2 Ne6 39. Bc3 Qd5 40. b4 Qb5 0-1


[Site "https://www.chess.com"]

[Event "Titled Tuesday Blitz February 22 Early 2022"]
[White "Prieto Aranguren, Alain"]
[Black "Krysa, Leandro"]
[WhiteFideId "2268906"]
[BlackFideId "116807"]
[WhiteElo "2235"]
[BlackElo "2490"]
[Result "0-1"]
[Round "01"]
[TimeControl "180+1"]
[Date "2022.02.22"]
[WhiteClock "0:00:18"]
[BlackClock "0:00:19"]

1. e4 e5 2. f4 f5 3. Nf3 fxe4 4. Nxe5 Nf6 5. Nc3 d6 6. Nc4 d5 7. Ne5 d4 8. Nxe4 Nxe4 9. Qh5+ g6 10. Nxg6 hxg6 11. Qxh8 Qe7 12. Be2 Nc6 13. d3 Nf6 14. Bd2 Bg4 15. O-O Bxe2 16. Rae1 O-O-O 17. Qh3+ Kb8 18. Rf2 Bg4 19. Rxe7 Bxh3 20. Rf7 Nd5 21. gxh3 Bc5 22. f5 gxf5 23. R2xf5 b6 24. h4 Ne3 25. R5f6 Ne5 26. Rg7 Rh8 27. Rf4 Nxc2 28. b4 Nxb4 29. h5 Nbxd3 30. Rh4 Nf3+ 0-1


[Site "https://www.chess.com"]

[Event "Titled Tuesday Blitz February 22 Early 2022"]
[White "Prohorov, Olexandr"]
[Black "Khumalo, Keith"]
[WhiteFideId "14105578"]
[BlackFideId "14319470"]
[WhiteElo "1993"]
[BlackElo "1992"]
[Result "0-1"]
[Round "01"]
[TimeControl "180+1"]
[Date "2022.02.22"]
[WhiteClock "0:00:18"]
[BlackClock "0:01:25"]

1. e4 c5 2. c3 Nf6 3. e5 Nd5 4. g3 Nc6 5. Nf3 g6 6. Bg2 Bg7 7. d4 cxd4 8. cxd4 O-O 9. O-O d6 10. Re1 Bg4 11. exd6 Qxd6 12. Nc3 Nxd4 13. Nxd5 Qxd5 14. Nxd4 Qxd4 15. Qb3 Qd6 16. Qxb7 Rac8 17. Qxe7 Qxe7 18. Rxe7 Rc2 19. Be3 a5 20. Rb1 Rd8 21. h3 Bf5 22. Be4 Bxe4 23. Rxe4 Bxb2 24. Re7 a4 25. Ra7 a3 26. Kg2 h5 27. h4 Kg7 28. Re1 Rd3 29. Bf4 Bd4 30. Rd7 Rxf2+ 31. Kh3 Rxf4 0-1


[Site "https://www.chess.com"]

[Event "Titled Tuesday Blitz February 22 Early 2022"]
[White "Przybylski, Wojciech"]
[Black "Vokhidov, Shamsiddin"]
[WhiteFideId "1117599"]
[BlackFideId "14204223"]
[WhiteElo "2133"]
[BlackElo "2611"]
[Result "0-1"]
[Round "01"]
[TimeControl "180+1"]
[Date "2022.02.22"]
[WhiteClock "0:00:02"]
[BlackClock "0:02:17"]

1. e4 c5 2. Nf3 Nc6 3. d4 cxd4 4. Nxd4 Nf6 5. Nc3 d6 6. Be2 e5 7. Nf3 Be7 8. O-O O-O 9. h3 Be6 10. Be3 d5 11. exd5 Nxd5 12. Nxd5 Bxd5 13. Nd2 f5 14. f4 exf4 15. Bxf4 Qb6+ 16. Kh2 Rad8 17. c4 Be6 18. Qb3 g5 19. Be3 Qc7+ 20. g3 f4 21. gxf4 gxf4 22. Rg1+ Kh8 23. Rad1 fxe3+ 0-1


[Site "https://www.chess.com"]

[Event "Titled Tuesday Blitz February 22 Early 2022"]
[White "Pultinevicius, Paulius"]
[Black "Jakubowska, Anna"]
[WhiteFideId "12809390"]
[BlackFideId "1121952"]
[WhiteElo "2413"]
[BlackElo "1924"]
[Result "1-0"]
[Round "01"]
[TimeControl "180+1"]
[Date "2022.02.22"]
[WhiteClock "0:00:42"]
[BlackClock "0:00:51"]

1. d4 d5 2. c4 c6 3. Nf3 Nf6 4. Nc3 e6 5. Bg5 h6 6. Bxf6 Qxf6 7. e3 g6 8. Bd3 Bg7 9. O-O O-O 10. c5 Nd7 11. e4 e5 12. exd5 exd4 13. Ne4 Qf5 14. dxc6 Nxc5 15. Nxc5 Qxc5 16. Rc1 Qb6 17. Be4 bxc6 18. Rxc6 Qxb2 19. Rc2 Qb8 20. Bxa8 Qxa8 21. Nxd4 Bb7 22. f3 Rd8 23. Rd2 Ba6 24. Re1 Qd5 25. Nb3 1-0


[Site "https://www.chess.com"]

[Event "Titled Tuesday Blitz February 22 Early 2022"]
[White "Purtseladze, Maka"]
[Black "Kamsky, Gata"]
[WhiteFideId "13602659"]
[BlackFideId "2000024"]
[WhiteElo "2192"]
[BlackElo "2645"]
[Result "1-0"]
[Round "01"]
[TimeControl "180+1"]
[Date "2022.02.22"]
[WhiteClock "0:00:45"]
[BlackClock "0:00:02"]

1. d4 d5 2. Nc3 Bf5 3. Bf4 e6 4. e3 Bd6 5. Bd3 Bxf4 6. exf4 Ne7 7. Nge2 O-O 8. Ng3 Bxd3 9. Qxd3 g6 10. h4 h5 11. O-O-O c5 12. dxc5 Qc7 13. Qd4 Nd7 14. f5 Qxc5 15. fxe6 fxe6 16. f3 Qxd4 17. Rxd4 Nc6 18. Rd2 Rac8 19. Re1 Rfe8 20. Nge2 Kf7 21. Nb5 Ke7 22. Nf4 Nce5 23. Rde2 Rf8 24. Nxg6+ Nxg6 25. Rxe6+ Kf7 26. Nd6+ Kg7 27. Nxc8 Nc5 28. Rxg6+ Kxg6 29. Ne7+ Kf7 30. Nxd5 Ne6 31. c3 Rg8 32. Re2 b6 33. Rd2 Rc8 34. Ne3 Kf6 35. g4 1-0


[Site "https://www.chess.com"]

[Event "Titled Tuesday Blitz February 22 Early 2022"]
[White "Putri, Regita Desyari"]
[Black "Nazari, Arad"]
[WhiteFideId "7109083"]
[BlackFideId "12577324"]
[WhiteElo "1930"]
[BlackElo "2120"]
[Result "0-1"]
[Round "01"]
[TimeControl "180+1"]
[Date "2022.02.22"]
[WhiteClock "0:00:41"]
[BlackClock "0:00:12"]

1. d4 Nf6 2. c4 e6 3. Nf3 b6 4. g3 Bb7 5. Bg2 g6 6. O-O Bg7 7. Nc3 O-O 8. Qc2 d6 9. e4 Nbd7 10. Bg5 h6 11. Bxf6 Bxf6 12. Rfe1 Bg7 13. Rad1 Qe7 14. e5 Rac8 15. exd6 cxd6 16. Qd3 Rfd8 17. b3 a6 18. a4 Nf6 19. h3 Qc7 20. Nd2 d5 21. Ne2 Qb8 22. Rc1 dxc4 23. Nxc4 Bxg2 24. Kxg2 Nd5 25. Qe4 b5 26. axb5 axb5 27. Ne5 f5 28. Qf3 Bxe5 29. dxe5 Rxc1 30. Nxc1 Rc8 31. Nd3 Rc3 32. Qd1 Qb6 33. Re2 Qc6 34. Kh2 Qb6 35. b4 Qd4 36. Nb2 Qxb4 37. Nd3 Qd4 38. Nb2 Qxd1 39. Nxd1 b4 40. Rb2 Rd3 41. Rb1 Rd2 42. Kg1 Kf7 43. Nb2 Nc3 44. Ra1 Rxb2 45. Ra7+ Ke8 46. Ra8+ Kd7 47. Ra7+ Kc6 48. Kg2 Rb1 49. Ra8 b3 50. Rc8+ Kd5 51. Rd8+ Kxe5 52. Re8 b2 0-1


[Site "https://www.chess.com"]

[Event "Titled Tuesday Blitz February 22 Early 2022"]
[White "Qashashvili, Alexandre"]
[Black "Brodowski, Piotr"]
[WhiteFideId "13600842"]
[BlackFideId "1124480"]
[WhiteElo "2316"]
[BlackElo "2422"]
[Result "0-1"]
[Round "01"]
[TimeControl "180+1"]
[Date "2022.02.22"]
[WhiteClock "0:01:25"]
[BlackClock "0:01:12"]

1. e4 d6 2. d4 Nf6 3. Nc3 g6 4. Be3 c6 5. f3 b5 6. Qd2 Nbd7 7. Bh6 Bxh6 8. Qxh6 b4 9. Nce2 Qa5 10. c3 Ba6 11. Kf2 e5 12. h4 Rb8 13. g3 bxc3 14. bxc3 Rb2 15. Bh3 Qxc3 16. Bxd7+ Nxd7 17. dxe5 Nxe5 18. Qe3 Nd3+ 19. Kg2 Ne1+ 20. Rxe1 Qxe3 0-1


[Site "https://www.chess.com"]

[Event "Titled Tuesday Blitz February 22 Early 2022"]
[White "Redzisz, Michal"]
[Black "Mikhailovsky, Vladimir"]
[WhiteFideId "21816107"]
[BlackFideId "34105414"]
[WhiteElo "1961"]
[BlackElo "2371"]
[Result "0-1"]
[Round "01"]
[TimeControl "180+1"]
[Date "2022.02.22"]
[WhiteClock "0:00:12"]
[BlackClock "0:00:16"]

1. c4 c6 2. Nc3 d5 3. e3 Nf6 4. Nf3 Nbd7 5. b3 e6 6. Bb2 Bd6 7. Qc2 O-O 8. d4 Qe7 9. Be2 e5 10. cxd5 Nxd5 11. Nxd5 cxd5 12. dxe5 Nxe5 13. O-O Rd8 14. Nxe5 Bxe5 15. Bf3 g6 16. Rfd1 Bf5 17. Qe2 Rac8 18. Rac1 Be4 19. Bg4 Rxc1 20. Rxc1 Bxb2 21. Qxb2 Qg5 22. Bh3 h5 23. Qe2 d4 24. f4 Qf6 25. exd4 Rxd4 26. Rc4 Bd3 27. Qe8+ Kg7 28. Rxd4 Qxd4+ 29. Kh1 Qa1+ 0-1


[Site "https://www.chess.com"]

[Event "Titled Tuesday Blitz February 22 Early 2022"]
[White "Roberson, Peter T"]
[Black "Sailer, Mike"]
[WhiteFideId "412384"]
[BlackFideId "2012901"]
[WhiteElo "2346"]
[BlackElo "2109"]
[Result "1-0"]
[Round "01"]
[TimeControl "180+1"]
[Date "2022.02.22"]
[WhiteClock "0:01:10"]
[BlackClock "0:00:57"]

1. e4 d5 2. exd5 Qxd5 3. Nc3 Qd6 4. Bc4 Nf6 5. Nge2 c6 6. d4 Bf5 7. Bf4 Qd8 8. O-O e6 9. Ng3 Bg6 10. Re1 Be7 11. Bb3 O-O 12. Qf3 Nbd7 13. Rad1 Nb6 14. h4 h6 15. h5 Bh7 16. Nce4 Nxe4 17. Nxe4 Nd5 18. Bc1 Nf6 19. Nc5 Qc8 20. Nxe6 Re8 21. Nf4 Bd6 22. Ng6 Qc7 23. Bxh6 Nxh5 24. Qxh5 Bxg6 25. Qxg6 Rxe1+ 26. Rxe1 1-0


[Site "https://www.chess.com"]

[Event "Titled Tuesday Blitz February 22 Early 2022"]
[White "Rodchenkov, Vitaly"]
[Black "Jaferian, Koosha"]
[WhiteFideId "4152964"]
[BlackFideId "12507440"]
[WhiteElo "2337"]
[BlackElo "2027"]
[Result "1-0"]
[Round "01"]
[TimeControl "180+1"]
[Date "2022.02.22"]
[WhiteClock "0:00:35"]
[BlackClock "0:00:23"]

1. Nf3 d5 2. c4 c6 3. Qa4 Nd7 4. cxd5 cxd5 5. d4 Nf6 6. Nc3 e6 7. Bf4 Qb6 8. Qb3 Bb4 9. e3 O-O 10. Bd3 h6 11. h3 Re8 12. O-O Nf8 13. Rfc1 Bd7 14. Ne5 Rac8 15. Nxd7 N8xd7 16. Na4 Qa5 17. a3 Bf8 18. Nc3 Qb6 19. Qxb6 Nxb6 20. Nb5 a6 21. Nd6 Bxd6 22. Bxd6 Nc4 23. Bxc4 Rxc4 24. b3 Rcc8 25. f3 Nd7 26. a4 f6 27. Kf2 Kf7 28. Ke2 e5 29. Kd2 Ke6 30. Bb4 g6 31. g4 e4 32. f4 f5 33. gxf5+ gxf5 34. Rxc8 Rxc8 35. Rg1 Kf7 36. Bd6 Rc6 37. Be5 Rg6 38. Rc1 Rg2+ 39. Kc3 Rg3 40. Kb4 Rxe3 41. Rc7 Ke6 42. Rxb7 Rxh3 43. Ra7 e3 44. Rxa6+ Ke7 45. Kc3 e2+ 46. Kd2 Rh2 47. Rc6 h5 48. a5 Rh3 49. Kxe2 Rxb3 50. a6 Ra3 51. Rh6 Ra2+ 52. Kf3 Ra3+ 53. Kg2 Nf8 54. Bd6+ 1-0


[Site "https://www.chess.com"]

[Event "Titled Tuesday Blitz February 22 Early 2022"]
[White "Ronka, Erik"]
[Black "Lou, Yiping"]
[WhiteFideId "505080"]
[BlackFideId "8603928"]
[WhiteElo "2264"]
[BlackElo "2412"]
[Result "0-1"]
[Round "01"]
[TimeControl "180+1"]
[Date "2022.02.22"]
[WhiteClock "0:00:03"]
[BlackClock "0:00:05"]

1. d4 Nf6 2. Nf3 d5 3. g3 g6 4. Bg2 Bg7 5. O-O O-O 6. c4 c6 7. b3 Bf5 8. Bb2 Nbd7 9. Nc3 dxc4 10. bxc4 e5 11. e3 Re8 12. Qb3 exd4 13. exd4 Nb6 14. Rad1 Be6 15. Ne5 Nfd7 16. Nxd7 Qxd7 17. d5 cxd5 18. Nxd5 Bxd5 19. cxd5 Bxb2 20. Qxb2 Qd6 21. Qd4 Nd7 22. h4 h5 23. Kh2 Ne5 24. Rc1 Re7 25. Rc2 a6 26. Rfc1 Rae8 27. Rc8 Qf6 28. Qd2 Rxc8 29. Rxc8+ Kg7 30. Rc3 Ng4+ 31. Kg1 Qe5 32. Rd3 Rd7 33. Bf3 Nf6 34. Kg2 b5 35. Re3 Qa1 36. Rd3 Ne8 37. d6 Qf6 38. Bc6 Rd8 39. Bxe8 Rxe8 40. d7 Rd8 41. Rd6 Qe7 42. Qd4+ Kg8 43. Qd5 Kf8 44. Qd4 Kg8 45. Qd5 Kg7 46. Qc6 b4 47. Qd5 a5 48. Qd4+ Kh7 49. Rd5 a4 50. Rd6 b3 51. axb3 axb3 52. Rd5 b2 0-1


[Site "https://www.chess.com"]

[Event "Titled Tuesday Blitz February 22 Early 2022"]
[White "Rudykh, Stepan"]
[Black "Manukyan, Artyom"]
[WhiteFideId "4180321"]
[BlackFideId "13305786"]
[WhiteElo "2106"]
[BlackElo "2034"]
[Result "1-0"]
[Round "01"]
[TimeControl "180+1"]
[Date "2022.02.22"]
[WhiteClock "0:01:30"]
[BlackClock "0:01:21"]

1. e4 c5 2. Nf3 d6 3. d4 cxd4 4. Nxd4 Nf6 5. Nc3 g6 6. Be3 Bg7 7. f3 O-O 8. Qd2 Nc6 9. g4 Nxd4 10. Bxd4 Be6 11. h4 Qa5 12. h5 Rab8 13. hxg6 fxg6 14. Qh2 Qb4 15. O-O-O Rf7 16. Be2 a5 17. a3 Qxd4 18. Rxd4 h5 19. Rdd1 hxg4 20. fxg4 Nxg4 21. Bxg4 Bxg4 22. Qh7+ Kf8 23. Rdf1 Be6 24. Qxg6 Bc4 25. Rxf7+ Bxf7 26. Rf1 Bf6 27. Qh6+ Bg7 28. Qf4 Bf6 29. Nd5 Bxd5 30. exd5 Kf7 31. Qg4 Rh8 32. Qe6+ Ke8 33. Rg1 1-0


[Site "https://www.chess.com"]

[Event "Titled Tuesday Blitz February 22 Early 2022"]
[White "Rustemov, Alexander"]
[Black "Buscar, Michael"]
[WhiteFideId "4119002"]
[BlackFideId "2603616"]
[WhiteElo "2716"]
[BlackElo "2010"]
[Result "1-0"]
[Round "01"]
[TimeControl "180+1"]
[Date "2022.02.22"]
[WhiteClock "0:00:13"]
[BlackClock "0:00:01"]

1. d4 d5 2. c4 e6 3. Nc3 a6 4. cxd5 exd5 5. Nf3 Nf6 6. Bg5 Be7 7. e3 O-O 8. Bd3 Nbd7 9. Qc2 c6 10. O-O Re8 11. h3 Nf8 12. Bf4 Ne6 13. Be5 g6 14. Rab1 Ng7 15. b4 Bf5 16. a4 b5 17. Ne1 Qd7 18. Bxf5 Qxf5 19. Qxf5 Nxf5 20. Nd3 Nd7 21. Rfc1 Bd6 22. Bxd6 Nxd6 23. Ra1 Nc4 24. Ra2 Ndb6 25. Rca1 Kg7 26. Nc5 Kf6 27. axb5 axb5 28. Ra7 Na4 29. Rxa8 Rxa8 30. N3xa4 Nb6 31. Nxb6 Rxa1+ 32. Kh2 Ke7 33. Nc8+ Kd8 34. Nd6 f6 35. Ndb7+ Kc7 36. Na5 Rb1 37. Nab3 Rb2 38. Kg3 Kd6 39. Kf3 Rc2 40. g4 Rc4 41. h4 Rxb4 42. g5 fxg5 43. hxg5 Rc4 44. Kf4 Rc2 45. f3 Rh2 46. e4 dxe4 47. fxe4 Rh4+ 48. Kf3 Rh3+ 49. Kg4 Rh1 50. Na5 h5+ 51. gxh6 Rxh6 52. Nab7+ Kc7 53. e5 b4 54. Kg5 Rh1 55. Kxg6 b3 56. Nxb3 Kxb7 57. Nc5+ Kc7 58. Kf7 Rd1 59. e6 Kd6 60. Ne4+ Kd5 61. e7 Rf1+ 62. Nf6+ Kxd4 63. e8=Q c5 64. Qe4+ Kc3 65. Qe3+ Kb4 66. Qd2+ Ka4 67. Qc2+ Kb4 68. Qb2+ Ka4 69. Ke6 1-0


[Site "https://www.chess.com"]

[Event "Titled Tuesday Blitz February 22 Early 2022"]
[White "Sadhwani, Raunak"]
[Black "Aldokhin, Ivan"]
[WhiteFideId "35093487"]
[BlackFideId "24115720"]
[WhiteElo "2616"]
[BlackElo "2231"]
[Result "1-0"]
[Round "01"]
[TimeControl "180+1"]
[Date "2022.02.22"]
[WhiteClock "0:00:54"]
[BlackClock "0:00:04"]

1. d4 Nf6 2. Nf3 g6 3. Nc3 Bg7 4. e4 d6 5. Be3 O-O 6. Qd2 Ng4 7. Bg5 h6 8. Bh4 Nc6 9. h3 Nf6 10. d5 Ne5 11. Nxe5 dxe5 12. O-O-O Nh5 13. Bc4 a6 14. g4 Nf4 15. f3 b5 16. Bb3 Qd6 17. Bf2 Bd7 18. Ne2 a5 19. c3 a4 20. Bc2 b4 21. cxb4 Nxe2+ 22. Qxe2 Qxb4 23. Qd2 Qb7 24. Bc5 Rfe8 25. h4 c6 26. h5 cxd5 27. hxg6 d4 28. gxf7+ Kxf7 29. Rxh6 Rac8 30. b4 Rxc5 31. bxc5 Rb8 32. Rb6 Qc7 33. Qb4 Rc8 34. Rb7 Qc6 35. Kb1 Be6 36. Bxa4 Qxc5 37. Qxc5 Rxc5 38. Bb3 Rc3 39. Bxe6+ Kxe6 40. Rb3 Rc4 41. Rc1 Ra4 42. Rc6+ Kf7 43. g5 1-0


[Site "https://www.chess.com"]

[Event "Titled Tuesday Blitz February 22 Early 2022"]
[White "Sahil, Tickoo"]
[Black "Sargsyan, Anna M."]
[WhiteFideId "5019710"]
[BlackFideId "13308130"]
[WhiteElo "2099"]
[BlackElo "2271"]
[Result "0-1"]
[Round "01"]
[TimeControl "180+1"]
[Date "2022.02.22"]
[WhiteClock "0:00:08"]
[BlackClock "0:01:16"]

1. d4 d5 2. Bf4 Nf6 3. e3 c5 4. c3 Nc6 5. Nd2 Bg4 6. Ngf3 e6 7. Bd3 Bd6 8. Bg3 O-O 9. O-O Rc8 10. a3 Re8 11. Bxd6 Qxd6 12. h3 Bh5 13. Rc1 e5 14. dxe5 Nxe5 15. Be2 Nc6 16. Re1 Rcd8 17. Qc2 h6 18. Bf1 Ne4 19. Be2 Bg6 20. Qd1 Kh8 21. Bf1 f5 22. Qe2 Bh5 23. Qd1 Nxd2 24. Qxd2 Bxf3 25. gxf3 Ne5 26. Bg2 Qg6 27. Qe2 f4 28. Rcd1 Nc4 29. e4 Nb6 30. Kh2 d4 31. cxd4 cxd4 32. Qd3 Qf6 33. Rc1 Nd7 34. Rc7 Ne5 35. Qb5 d3 36. Rd1 Qh4 37. Rd2 Qh5 38. Qxb7 Rg8 39. Re7 Nxf3+ 40. Bxf3 Qxf3 41. e5 Qh5 42. e6 f3 43. Qe4 Qg5 0-1


[Site "https://www.chess.com"]

[Event "Titled Tuesday Blitz February 22 Early 2022"]
[White "Samadov, Read"]
[Black "Farmani Anosheh, Armin"]
[WhiteFideId "13417444"]
[BlackFideId "24613240"]
[WhiteElo "2084"]
[BlackElo "2289"]
[Result "1-0"]
[Round "01"]
[TimeControl "180+1"]
[Date "2022.02.22"]
[WhiteClock "0:00:55"]
[BlackClock "0:00:18"]

1. d4 Nf6 2. c4 e6 3. Nf3 Bb4+ 4. Bd2 c5 5. g3 b6 6. Bg2 Bb7 7. O-O Bxd2 8. Qxd2 cxd4 9. Nxd4 Bxg2 10. Kxg2 O-O 11. Nc3 d5 12. cxd5 Nxd5 13. Rfd1 Nxc3 14. Qxc3 Qc8 15. Qf3 Nd7 16. Rac1 Qa6 17. Nc6 Nf6 18. a3 Kh8 19. h4 h5 20. Rd4 Qb7 21. Ne5 Qxf3+ 22. Kxf3 Rfc8 23. Nxf7+ Kg8 24. Rxc8+ Rxc8 25. Rd8+ Rxd8 26. Nxd8 e5 27. Nc6 e4+ 28. Kf4 a5 29. Ne7+ Kf7 30. Nc8 e3 31. Kxe3 Nd5+ 32. Kd4 Ke6 33. e4 Nf6 34. Nxb6 Ng4 35. f3 Nh2 36. Ke3 Nf1+ 37. Kf4 g6 38. b4 axb4 39. axb4 Kd6 40. Nd5 Ke6 41. b5 Nd2 42. b6 Kd6 43. b7 1-0


[Site "https://www.chess.com"]

[Event "Titled Tuesday Blitz February 22 Early 2022"]
[White "Samaganova, Aleksandra"]
[Black "Tologon tegin, Semetei"]
[WhiteFideId "13800221"]
[BlackFideId "13800574"]
[WhiteElo "1859"]
[BlackElo "2258"]
[Result "0-1"]
[Round "01"]
[TimeControl "180+1"]
[Date "2022.02.22"]
[WhiteClock "0:00:01"]
[BlackClock "0:00:45"]

1. c4 e6 2. Nc3 d5 3. e3 Nf6 4. Nf3 Be7 5. d4 O-O 6. cxd5 exd5 7. Bd3 Bg4 8. h3 Bh5 9. O-O c6 10. Be2 Nbd7 11. a3 Re8 12. b4 a6 13. Rb1 Bd6 14. a4 Rc8 15. Qb3 Ne4 16. Rd1 Bb8 17. g4 Bg6 18. Nxe4 Bxe4 19. Rb2 Qf6 20. Kg2 h5 21. b5 axb5 22. axb5 hxg4 23. hxg4 Qh4 24. Rh1 Qxg4+ 25. Kf1 Bxf3 26. Bxf3 Qxf3 27. Rg1 Nf6 28. Qc2 cxb5 29. Qd2 0-1


[Site "https://www.chess.com"]